 Dungeon Crawl Stone Soup version 0.15-a0-183-gc0cdb55 (webtiles) character file.

13637 PolkaDot the Bewitcher (level 11, -2/70 HPs)
             Began as a Vampire Enchanter on Apr 20, 2014.
             Was an Elder of Ashenzari.
             Slain by a vampire mosquito (4 damage)
             ... on Level 3 of the Lair of Beasts.
             The game lasted 01:20:19 (13248 turns).

PolkaDot the Bewitcher (Vampire Enchanter)         Turns: 13248, Time: 01:20:20

HP  -2/70        AC 15     Str  7      XL: 11   Next: 59%
MP  22/27        EV 13     Int 20      God: Ashenzari [****..]
Gold 1434        SH  0     Dex 17      Spells:  8 memorised,  4 levels left

rFire  + . .     SeeInvis +     x - +4,+1 cutlass (drain) (curse)
rCold  + + +     Clarity  +     h - +2 leather armour {MR+} (curse)
rNeg   + + +     Conserve .     (no shield)
rPois  +         rCorr    +     d - +1 helmet {Int+3} (curse)
rElec  .         rRot     +     s - +2 cloak (curse)
SustAb . .       Spirit   .     t - +0 pair of gloves (curse)
rMut   .         Warding  .     g - +2 pair of boots (curse)
Saprov . . .     Stasis   .     n - cursed amulet of resist corrosion
MR     ++...                    v - ring of protection from fire {unknown}
                                r - ring of protection from cold

@: regenerating slowly, very slightly contaminated, very resistant to hostile
enchantments, extraordinarily stealthy
A: bottle blood, fangs 3, hooves 1, rugged brown scales 1, see invisible, (blink
0), (deterioration 0), unbreathing
a: Bat Form, Bottle Blood, Scrying, Renounce Religion


You were on level 3 of the Lair of Beasts.
You worshipped Ashenzari.
Ashenzari was greatly pleased with you.
You were near bloodless.

You visited 3 branches of the dungeon, and saw 15 of its levels.
You also visited: Sewer and Bailey.

You collected 1434 gold pieces.

Inventory:

Hand weapons
 x - a cursed +4,+1 cutlass of draining (weapon)
Armour
 d - a cursed +1 helmet of intelligence (worn)
 g - a cursed +2 pair of boots (worn)
 h - a cursed +2 leather armour of magic resistance (worn)
 k - a +2 hat
 s - a cursed +2 cloak (worn)
 t - a cursed +0 pair of gloves (worn)
 F - a +0 steam dragon armour
Magical devices
 o - a wand of paralysis (13)
 y - a wand of teleportation (2)
 E - a wand of heal wounds (4)
Scrolls
 a - a scroll of curse weapon
 f - a scroll of immolation
 i - a scroll of magic mapping
 j - 5 scrolls of curse armour
 p - a scroll of fog
 q - a scroll of fear
Jewellery
 m - an uncursed ring of fire
 n - a cursed amulet of resist corrosion (around neck)
 r - a ring of protection from cold (left hand)
 u - an uncursed ring of ice
 v - a ring of protection from fire (right hand) {unknown}
 D - an uncursed ring of protection from magic
Potions
 b - 2 potions of magic
 l - a potion of restore abilities
Books
 c - a book of Maledictions

   Spells                             Type                      Level
   *Corona                            Hexes                        1
   *Sure Blade                        Hexes/Charms                 2
   *Ensorcelled Hibernation           Hexes/Ice                    2
   *Confuse                           Hexes                        3
   *Dazzling Spray                    Conjuration/Hexes            3
   *Enslavement                       Hexes                        4
 z - the Grimoire of Hurtful Bewitchment
   (You found it on level 9 of the Dungeon)

   Spells                             Type                      Level
   Flame Tongue                       Conjuration/Fire             1
   *Dazzling Spray                    Conjuration/Hexes            3
   *Spectral Weapon                   Hexes/Charms                 3
   Sticky Flame                       Conjuration/Fire             4
   *Enslavement                       Hexes                        4
   Silence                            Hexes/Air                    5


   Skills:
 - Level 6.8(10.3) Short Blades
 - Level 0.7 Throwing
 - Level 2.1(4.8) Dodging
 + Level 13.9(16.9) Stealth
 * Level 7.6 Spellcasting
 + Level 17.2 Hexes


You had 4 spell levels left.
You knew the following spells:

 Your Spells              Type           Power        Failure   Level  Hunger
a - Corona                Hex            ######.      0%          1    None
b - Sure Blade            Hex/Chrm       #####.....   1%          2    None
c - Confuse               Hex            ######..     1%          3    #......
d - Ensorcelled Hibernat  Hex/Ice        #####.       1%          2    None
e - Enslavement           Hex            ######..     1%          4    ###....
p - Passwall              Trmt/Erth      #.........   30%         3    #......
s - Dazzling Spray        Conj/Hex       #####...     1%          3    #......
w - Spectral Weapon       Hex/Chrm       #####...     1%          3    #......


Dungeon Overview and Level Annotations

Branches:
Dungeon (11/15)            Temple (1/1) D:7             Orc (0/4) D:11
   Lair (3/8) D:8
  Swamp: Lair:3-6    Shoals: Lair:3-6     Snake: Lair:3-6    Spider: Lair:3-6

Altars:
Ashenzari
Cheibriados
Dithmenos
Elyvilon
Fedhas
Kikubaaqudgha
Makhleb
Nemelex Xobeh
Okawaru
Sif Muna
Trog
Vehumet
Xom
Yredelemnul
Zin
The Shining One


Innate Abilities, Weirdness & Mutations

You heal slowly.
You can bottle blood from corpses.
You have razor-sharp teeth.*
You have supernaturally acute eyesight.
You can survive without breathing.*
You have large cloven feet.*
You are partially covered in rugged brown scales (AC +1, +3% HP).*
((You can translocate small distances at will.))+ ((Your body is slowly deteriorating.))+


Message History

The vampire mosquito bites the vampire mosquito.
The vampire mosquito barely misses you.
You barely miss the vampire mosquito.
The vampire mosquito is moderately damaged.
The vampire mosquito closely misses the vampire mosquito.
You strike the helpless vampire mosquito from behind!
You spit the vampire mosquito like a pig!!!
You destroy the vampire mosquito!
The vampire mosquito bites you.
* * * LOW HITPOINT WARNING * * *
Read which item? (? for menu, Esc to quit)
Blink to where?
Press: ? - help, Dir - move target cursor
As you read the scroll of blinking, it crumbles to dust.
You are very lightly contaminated with residual magic.
The vampire mosquito completely misses you.
There is a stone staircase leading up here.
The vampire mosquito bites you but does no damage.
The vampire mosquito bites you.
You die...

......|......≈.≈.
,...............≈≈.. ,
<,...#f.........≈≈≈≈.y≈
#.vf.........≈≈≈≈≈≈≈
#f.....$$....≈≈§≈≈≈≈ *
*#...........≈≈§≈≈≈. *
* ###.........≈≈≈≈≈..
#.......#.≈≈≈P[..≈
#.@.P#.###.≈P≈.. *
#yyy####*,..≈≈≈ * *
##...# P...≈, ≈ *
#...## .## * , , *
##.#.## * #...P# ,
#..### , * ####..# *
##.#.....#


You could see 3 vampire mosquitoes and an insubstantial wisp (wandering).

Vanquished Creatures
  A hydra (Lair:2)
  Nergalle (Lair:1)
  2 hill giants
  An orc knight (D:10)
  A cyclops (D:11)
  A black mamba (Lair:2)
  A spiny frog (Lair:1)
  2 trolls (D:10)
  A komodo dragon (Lair:2)
  A hungry ghost (D:11)
  A deep elf mage (D:10)
  2 hippogriffs
  Eustachio (D:5)
  8 yaks
  A deep elf fighter (D:8)
  A steam dragon (D:10)
  2 vampire mosquitoes (Lair:3)
  A hill giant skeleton (D:9)
  Menkaure (D:6)
  A water moccasin (Lair:2)
  Purgy (Sewer)
  A yellow wasp (D:8)
  2 ice beasts
  7 orc warriors
  3 ogres
  3 phantoms
  3 centaurs
  Duvessa (D:8)
  2 giant slugs
  2 crocodiles
  3 big kobolds
  Blork the orc (D:8)
  9 giant frogs
  A gnoll sergeant (D:8)
  3 troll zombies
  An eye of draining (D:10)
  3 killer bees (D:9)
  3 wights (D:6)
  A hippogriff skeleton (D:9)
  4 goliath beetles
  Dowan (D:8)
  7 crimson imps
  3 hounds
  2 jellies (D:9)
  5 orc priests
  An elf zombie (D:7)
  7 orc wizards
  6 worker ants
  5 iguanas
  A spectral orc (Lair:1)
  7 ogre zombies
  Ijyb (D:4)
  Jessica (D:3)
  A hound zombie (D:7)
  A worker ant zombie (D:10)
  3 green rats
  22 gnolls
  7 adders
  3 giant mites
  2 worms
  2 adder skeletons
  2 giant eyeballs
  An ooze (D:5)
  46 orcs
  2 ball pythons
  36 bats
  3 giant cockroaches
  22 goblins
  21 hobgoblins
  14 jackals
  7 quokkas
  5 giant geckos
  A giant gecko skeleton (D:7)
  2 giant newts
  3 giant spores
  A goblin skeleton (D:11)
  A hobgoblin skeleton (D:5)
  6 hobgoblin zombies (D:11)
  27 kobolds
  3 orc skeletons (D:11)
  15 orc zombies
  17 rats
  4 ballistomycetes
412 creatures vanquished.

Vanquished Creatures (collateral kills)
  2 yaks (Lair:1)
  A spectral orc (Lair:1)
3 creatures vanquished.

Vanquished Creatures (others)
  8 spectral orcs (Lair:1)
8 creatures vanquished.

Grand Total: 423 creatures vanquished

Notes
Turn   | Place    | Note
--------------------------------------------------------------
     0 | D:1      | PolkaDot, the Vampire Enchanter, began the quest for the Orb.
     0 | D:1      | Reached XP level 1. HP: 13/13 MP: 3/3
   337 | D:1      | Reached XP level 2. HP: 17/19 MP: 4/4
   362 | D:1      | Reached skill level 5 in Hexes
   787 | D:2      | Reached XP level 3. HP: 11/24 MP: 4/6
   821 | D:2      | Learned a level 2 spell: Ensorcelled Hibernation
  1509 | D:3      | Paralysed by a giant eyeball for 3 turns
  1678 | D:3      | Reached skill level 6 in Hexes
  1678 | D:3      | Reached XP level 4. HP: 16/30 MP: 1/7
  1766 | D:3      | Found a glowing golden altar of the Shining One.
  1768 | D:3      | Noticed Jessica
  1861 | D:3      | Reached XP level 5. HP: 15/35 MP: 0/9
  1957 | D:3      | Found a glowing drain.
  1961 | Sewer    | Entered a sewer
  2085 | Sewer    | Noticed Purgy
  2194 | Sewer    | Killed Purgy
  2194 | Sewer    | Reached skill level 5 in Stealth
  2194 | Sewer    | Reached skill level 7 in Hexes
  2454 | D:3      | Killed Jessica
  2454 | D:3      | Reached XP level 6. HP: 41/41 MP: 7/10
  2722 | D:3      | Found a deep blue altar of Sif Muna.
  2848 | D:5      | Entered Level 5 of the Dungeon
  2862 | D:5      | Learned a level 3 spell: Confuse
  2865 | D:5      | Learned a level 2 spell: Sure Blade
  2910 | D:5      | Reached skill level 8 in Hexes
  3417 | D:5      | Noticed Eustachio
  3427 | D:5      | Killed Eustachio
  3427 | D:5      | Reached XP level 7. HP: 21/46 MP: 9/12
  3496 | D:5      | Reached skill level 9 in Hexes
  4134 | D:6      | Noticed Menkaure
  4182 | D:6      | Killed Menkaure
  4182 | D:6      | Reached skill level 5 in Short Blades
  4182 | D:6      | Reached skill level 10 in Hexes
  4239 | D:6      | Reached XP level 8. HP: 28/52 MP: 1/13
  4976 | D:7      | Found a shimmering altar of Xom.
  4983 | D:7      | Reached skill level 11 in Hexes
  5088 | D:7      | Found a staircase to the Ecumenical Temple.
  5094 | Temple   | Entered the Ecumenical Temple
  5240 | Temple   | Became a worshipper of Ashenzari the Shackled
  5322 | D:7      | Found a sparkling altar of Nemelex Xobeh.
  5494 | D:7      | Paralysed by a giant eyeball for 2 turns
  5504 | D:7      | Paralysed by a giant eyeball for 4 turns
  5512 | D:7      | Paralysed by a giant eyeball for 4 turns
  5914 | D:4      | Found a sparkling altar of Nemelex Xobeh.
  6259 | D:4      | Noticed Ijyb
  6272 | D:4      | Killed Ijyb
  6810 | D:8      | Reached skill level 12 in Hexes
  6995 | D:8      | Reached XP level 9. HP: 48/57 MP: 7/14
  7104 | D:8      | Noticed Blork the orc
  7110 | D:8      | Killed Blork the orc
  7125 | D:8      | Gained mutation: Your body is slowly deteriorating. [potion of mutation]
  7125 | D:8      | Gained mutation: You are partially covered in rugged brown scales (AC +1, +3% HP). [potion of mutation]
  7125 | D:8      | Gained mutation: You have large cloven feet. [potion of mutation]
  7167 | D:8      | Learned a level 3 spell: Passwall
  7169 | D:8      | Reached skill level 10 in Stealth
  7353 | D:8      | Reached skill level 13 in Hexes
  7410 | D:8      | Found a staircase to the Lair.
  7583 | D:8      | Noticed Duvessa
  7588 | D:8      | Noticed Dowan
  7593 | D:8      | Killed Duvessa
  7600 | D:8      | Killed Dowan
  7641 | D:8      | Learned a level 3 spell: Dazzling Spray
  8022 | D:9      | Noticed a hill giant
  8032 | D:9      | Killed a hill giant
  8032 | D:9      | Reached skill level 14 in Hexes
  8252 | D:9      | Identified the cursed -4 robe of Conscience {rF+}
  8265 | D:9      | Identified the Grimoire of Hurtful Bewitchment
  8285 | D:9      | Reached XP level 10. HP: 64/64 MP: 15/20
  8428 | D:9      | Acquired Ashenzari's first power
  8799 | D:10     | Entered Level 10 of the Dungeon
  8910 | D:10     | Reached skill level 15 in Hexes
  9231 | D:10     | Noticed a hill giant
  9260 | D:10     | Killed a hill giant
  9260 | D:10     | Reached skill level 5 in Spellcasting
  9660 | D:10     | Noticed an orc knight
  9668 | D:10     | Killed an orc knight
  9668 | D:10     | Reached skill level 16 in Hexes
  9790 | D:10     | Learned a level 4 spell: Enslavement
  9926 | D:11     | Found a flagged portal.
 10004 | Bailey   | Entered a bailey
 10129 | Bailey   | Acquired Ashenzari's second power
 10153 | Bailey   | Found an iron altar of Okawaru.
 10513 | D:11     | Found a staircase to the Orcish Mines.
 10539 | D:11     | Reached XP level 11. HP: 60/70 MP: 20/24
 10949 | D:11     | Learned a level 3 spell: Spectral Weapon
 11025 | D:11     | Noticed a cyclops
 11031 | D:11     | Killed a cyclops
 11506 | Lair:1   | Entered Level 1 of the Lair of Beasts
 11683 | Lair:1   | Noticed Nergalle
 11705 | Lair:1   | Your ally orc warrior died
 11732 | Lair:1   | Your ally orc warrior died
 11734 | Lair:1   | Your ally orc warrior died
 11742 | Lair:1   | Your ally orc warrior died
 11744 | Lair:1   | Your ally orc warrior died
 11750 | Lair:1   | Your ally orc warrior died
 12092 | Lair:2   | Acquired Ashenzari's third power
 12191 | Lair:2   | Noticed a five-headed hydra
 12304 | Lair:1   | Found a snail-covered altar of Cheibriados.
 12476 | Lair:1   | Killed Nergalle
 12476 | Lair:1   | Reached skill level 17 in Hexes
 13174 | Lair:2   | Gained mutation: You can translocate small distances at will. [potion of beneficial mutation]
 13185 | Lair:2   | Killed a six-headed hydra
 13242 | Lair:3   | HP: 1/70 [vampire mosquito (3)]
 13248 | Lair:3   | Slain by a vampire mosquito

Action                   |  1- 3 |  4- 6 |  7- 9 | 10-12 || total
-------------------------+-------+-------+-------+-------++-------
Melee: Dagger            |   117 |   118 |   446 |   152 ||   833
       Cutlass           |       |       |       |   282 ||   282
Throw: Dart              |    10 |       |     3 |       ||    13
       Stone             |       |       |       |     1 ||     1
 Cast: Corona            |     7 |     1 |       |     7 ||    15
       Ensorcelled Hiber |     8 |    22 |    95 |   121 ||   246
       Confuse           |       |     4 |    20 |    23 ||    47
       Dazzling Spray    |       |       |       |     4 ||     4
       Enslavement       |       |       |       |     3 ||     3
 Abil: End Transformatio |       |       |       |     4 ||     4
       Bat Form          |       |       |       |     4 ||     4
Evoke: Wand              |       |       |     4 |     4 ||     8
  Use: Potion            |     5 |       |     4 |     7 ||    16
       Scroll            |       |    17 |    21 |    18 ||    56
 Stab: Sleeping          |     8 |    23 |    87 |    80 ||   198
       Confused          |       |     1 |    11 |    12 ||    24
       Distracted        |       |       |     2 |     4 ||     6
       Invisible         |       |       |       |     1 ||     1
